 Dungeon Crawl Stone Soup version 0.18.1-48-g4cf74bf (webtiles) character file.

11274 nikopol the Cleaver (level 11, 0/99 HPs)
             Began as a Minotaur Berserker on Aug 22, 2016.
             Was a High Priest of Trog.
             Slain by a nine-headed hydra (7 damage)
             ... on level 2 of the Lair of Beasts.
             The game lasted 00:25:13 (12322 turns).

nikopol the Cleaver (Minotaur Berserker)           Turns: 12322, Time: 00:25:13

Health: 0/99       AC: 11    Str: 22    XL:     11   Next: 47%
Magic:  10/10      EV: 14    Int:  4    God:    Trog [*****.]
Gold:   732        SH:  0    Dex: 13    Spells: 0 memorised, 10 levels left

rFire  . . .     SeeInvis .     a - +3 hand axe (freeze)
rCold  . . .     Gourm    .     o - +0 scale mail
rNeg   . . .     Faith    .     (no shield)
rPois  .         Spirit   .     (helmet restricted)
rElec  .         Dismiss  .     B - +0 cloak
rCorr  .         Reflect  .     (no gloves)
SustAt .         Harm     .     y - +0 pair of boots
MR     .....                    (no amulet)
Stlth  ..........               (no ring)
                                (no ring)

@: lethally poisoned (0 -> -20), not resistant to hostile enchantments,
extremely unstealthy
A: retaliatory headbutt, horns 2
a: Berserk, Trog's Hand, Brothers in Arms, Burn Spellbooks, Renounce Religion


You were on level 2 of the Lair of Beasts.
You worshipped Trog.
Trog was extremely pleased with you.
You were very hungry.

You visited 2 branches of the dungeon, and saw 11 of its levels.

You collected 732 gold pieces.

Inventory:

Hand Weapons
 a - a +3 hand axe of freezing (weapon)
 l - a +4 antimagic battleaxe
 r - a +0 hand axe
 z - a +0 shortbow
Missiles
 E - 103 arrows (quivered)
Armour
 b - a +0 animal skin
 o - a +0 scale mail (worn)
 y - a +0 pair of boots (worn)
 B - a +0 cloak (worn)
Jewellery
 K - a +3 ring of dexterity {unknown}
 L - an uncursed amulet of the gourmand {unknown}
Wands
 m - a wand of flame (35/48)
 D - a wand of digging (12/24)
 H - a wand of polymorph (13/24)
 M - a wand of random effects (11/48)
Scrolls
 d - 5 scrolls of identify
 e - 2 scrolls of fear {unknown}
 f - a scroll of summoning {unknown}
 g - a scroll of magic mapping {unknown}
 h - 2 scrolls of fog {unknown}
 j - 5 scrolls of remove curse {unknown}
 s - 2 scrolls of noise {unknown}
 t - 2 scrolls of immolation {unknown}
 u - 5 scrolls of enchant armour {unknown}
 w - a scroll of amnesia {unknown}
 x - 2 scrolls of teleportation {unknown}
 F - 2 scrolls of enchant weapon {unknown}
Potions
 k - a potion of curing
 n - 4 potions of heal wounds
 p - 2 potions of cure mutation
 q - a potion of berserk rage
 v - 2 potions of might
 A - 2 potions of invisibility {unknown}
 C - a potion of resistance
 I - a potion of flight
 N - a potion of haste {unknown}
Comestibles
 c - 10 bread rations
 i - 5 meat rations
 G - a slice of pizza
 J - a beef jerky


   Skills:
 + Level 10.0 Fighting
 * Level 11.7 Axes
 * Level 9.0 Bows
 + Level 9.2 Armour
 + Level 8.9 Dodging


You had 10 spell levels left.
You didn't know any spells.

Dungeon Overview and Level Annotations

Branches:
Dungeon (9/15)             Temple (0/1) D:5            Lair (2/8) D:8
    Orc (0/2) D:9

Altars:
Ashenzari
Fedhas
Makhleb
Nemelex Xobeh
Okawaru
Sif Muna
Vehumet
The Shining One

Shops:
D:5 *=(   D:6 [   D:9 [


Innate Abilities, Weirdness & Mutations

You reflexively headbutt those who attack you in melee.
You have a pair of horns on your head.


Message History

You freeze the eight-headed hydra.
The eight-headed hydra is lightly wounded.
You feel sick.
You hack one of the eight-headed hydra's heads off!
The seven-headed hydra grows two more!
You slash the nine-headed hydra!
The nine-headed hydra seems to slow down.
You freeze the nine-headed hydra.
The nine-headed hydra is lightly wounded.
You feel sick.
The nine-headed hydra barely misses you.
The nine-headed hydra misses you. The nine-headed hydra bites you. x2
* * * LOW HITPOINT WARNING * * *
The nine-headed hydra barely misses you.
The nine-headed hydra bites you!
* * * LOW HITPOINT WARNING * * *
The nine-headed hydra bites you!
* * * LOW HITPOINT WARNING * * *
The nine-headed hydra barely misses you.
The nine-headed hydra bites you!
You die...

...................<..#..
...............<.........
.............#P..........
......................#..
#.P......#.#..##...#.####
..#P##.##############
#P.P### ## #####.##.#.###
..## #.....@(.((.(♣ .≈..
#........D...(♣.♣ ♣≈.
.........#...♣... ♣♣≈≈.
#...##...##..♣ D ♣≈≈..
#...#P.#.# #.♣ ♣..
.......#.# ... ♣..
...##≈.... ≈≈≈ .(((..
.#≈#.... ≈♣≈ .♣.♣.. ♣..


You could see a nine-headed hydra.

Vanquished Creatures
  5 spiny frogs
  A komodo dragon (Lair:1)
  A merfolk (D:9)
  2 trolls
  The ghost of UnlimitedFusion the Skirmisher, an amateur FoFi (D:3)
  3 blink frogs (Lair:1)
  16 yaks (Lair:1)
  3 hippogriffs
  A basilisk (D:8)
  A hungry ghost (D:9)
  4 water moccasins (Lair:1)
  4 porcupines
  3 black bears
  A sky beast (D:8)
  2 ice beasts
  2 phantoms
  4 wolves (Lair:1)
  2 ogres
  5 crocodiles
  3 centaurs
  A big kobold (D:9)
  7 giant frogs
  14 killer bees
  2 howler monkeys (D:5)
  A crimson imp (D:5)
  A quasit (D:7)
  A centaur zombie (D:8)
  A wasp zombie (D:9)
  2 giant frog zombies
  4 jellies
  An orc priest (D:9)
  4 hounds
  4 orc wizards
  4 iguanas
  Ijyb (D:3)
  3 worker ants
  11 sheep
  A hound skeleton (D:7)
  A worker ant zombie (D:8)
  A howler monkey skeleton (D:4)
  8 adders
  16 river rats
  A shadow imp (D:5)
  An ooze (D:1)
  2 adder skeletons
  A worm (D:4)
  4 dart slugs
  6 giant geckos
  18 orcs
  5 ball pythons
  7 giant cockroaches
  7 goblins
  4 hobgoblins
  14 jackals
  4 quokkas
  5 bats
  8 giant newts
  A jackal skeleton (D:4)
  13 kobolds
  6 rats
260 creatures vanquished.

Vanquished Creatures (others)
  A plant (D:8)
1 creature vanquished.

Grand Total: 261 creatures vanquished

Notes
Turn   | Place    | Note
--------------------------------------------------------------
     0 | D:1      | nikopol the Minotaur Berserker began the quest for the Orb.
     0 | D:1      | Reached XP level 1. HP: 19/19 MP: 0/0
    35 | D:1      | Reached XP level 2. HP: 27/27 MP: 1/1
   470 | D:1      | Reached skill level 4 in Axes
   698 | D:2      | Found a glowing golden altar of the Shining One.
   751 | D:2      | Reached ** piety under Trog
   751 | D:2      | Reached XP level 3. HP: 33/33 MP: 2/2
  1561 | D:3      | Reached XP level 4. HP: 28/40 MP: 3/3
  1734 | D:3      | Noticed UnlimitedFusion's ghost (amateur FoFi)
  1742 | D:3      | Killed UnlimitedFusion's ghost
  1742 | D:3      | Reached skill level 5 in Fighting
  1742 | D:3      | Reached skill level 5 in Axes
  1742 | D:3      | Reached XP level 5. HP: 48/48 MP: 4/4
  1742 | D:3      | Reached XP level 6. HP: 56/56 MP: 5/5
  2132 | D:3      | Reached *** piety under Trog
  2251 | D:3      | Noticed Ijyb
  2256 | D:3      | Killed Ijyb
  3297 | D:5      | Entered Level 5 of the Dungeon
  3385 | D:5      | Reached XP level 7. HP: 58/61 MP: 6/6
  3415 | D:5      | Reached skill level 5 in Dodging
  3531 | D:5      | Found Uxza Iro's General Store.
  3610 | D:5      | Reached skill level 5 in Armour
  3620 | D:5      | Found Fizycrist's Jewellery Emporium.
  3639 | D:5      | Reached skill level 6 in Axes
  3865 | D:5      | Found Siorer's Antique Weapon Emporium.
  4065 | D:5      | Found a staircase to the Ecumenical Temple.
  4097 | D:5      | Reached **** piety under Trog
  4650 | D:6      | Reached XP level 8. HP: 71/71 MP: 7/7
  4798 | D:6      | Found Boxupueq's Armour Boutique.
  5139 | D:7      | Reached skill level 7 in Axes
  5435 | D:7      | Reached skill level 1 in Bows
  5938 | D:8      | Reached XP level 9. HP: 57/79 MP: 8/8
  6171 | D:8      | Reached skill level 8 in Axes
  6250 | D:8      | Found a staircase to the Lair.
  6499 | D:8      | Reached ***** piety under Trog
  6719 | D:8      | Noticed a troll
  6728 | D:8      | Killed a troll
  6952 | D:8      | Reached skill level 9 in Axes
  7126 | D:8      | Reached skill level 5 in Bows
  7306 | D:9      | Noticed a troll
  7325 | D:9      | HP: 6/121 [troll (3)]
  7326 | D:9      | Killed a troll
  7998 | D:9      | Received a gift from Trog
  8011 | D:9      | Reached XP level 10. HP: 55/90 MP: 9/9
  8287 | D:9      | Received a gift from Trog
  8544 | D:9      | Found a staircase to the Orcish Mines.
  8897 | D:9      | Found a shattered altar of Ashenzari.
  8898 | D:9      | Found a sparkling altar of Nemelex Xobeh.
  8898 | D:9      | Found a radiant altar of Vehumet.
  8898 | D:9      | Found a blossoming altar of Fedhas.
  8898 | D:9      | Found an iron altar of Okawaru.
  8899 | D:9      | Found a deep blue altar of Sif Muna.
  8900 | D:9      | Found a burning altar of Makhleb.
  8902 | D:9      | Found a glowing golden altar of the Shining One.
  8996 | D:9      | Reached skill level 10 in Axes
  9504 | D:9      | Found Hixo Vam's Armour Shop.
  9584 | Lair:1   | Entered Level 1 of the Lair of Beasts
  9669 | Lair:1   | Noticed a spiny frog
  9678 | Lair:1   | Killed a spiny frog
  9739 | Lair:1   | Noticed a spiny frog
  9753 | Lair:1   | Killed a spiny frog
 10089 | Lair:1   | Reached skill level 11 in Axes
 10109 | Lair:1   | Reached XP level 11. HP: 41/99 MP: 10/10
 11929 | Lair:1   | Received a gift from Trog
 11929 | Lair:1   | Reached skill level 10 in Fighting
 12305 | Lair:2   | Noticed a six-headed hydra
 12322 | Lair:2   | Slain by a nine-headed hydra

Skill      XL: |  1  2  3  4  5  6  7  8  9 10 11 |
---------------+----------------------------------+-----
Axes           | 4 5 6 7 9 11 | 11.7
Fighting       | 4 5 6 7 8 9 10 | 10.0
Dodging        | 3 4 5 6 7 8 |  8.9
Armour         | 3 4 5 7 8 9 |  9.2
Bows           | 3 5 7 9 |  9.0

Action                   |  1- 3 |  4- 6 |  7- 9 | 10-12 || total
-------------------------+-------+-------+-------+-------++-------
Melee: Hand axe          |    87 |   105 |   241 |   216 ||   649
       Headbutt          |    11 |    21 |    42 |    50 ||   124
 Fire: Shortbow          |       |       |    68 |   143 ||   211
Invok: Berserk           |       |     1 |     3 |     3 ||     7
       Burn Spellbooks   |       |       |     1 |       ||     1
       Trog's Hand       |       |       |     1 |       ||     1
  Use: Scroll            |       |       |     9 |       ||     9
       Potion            |       |       |     1 |       ||     1
 Stab: Sleeping          |     1 |       |       |       ||     1
  Eat: Chunk             |     2 |     6 |    17 |    14 ||    39
       Beef jerky        |       |       |     1 |       ||     1
       Fruit             |       |       |       |     2 ||     2
       Royal jelly       |       |       |       |     1 ||     1
Armor: Animal skin       |    17 |       |       |       ||    17
       Scale mail        |       |    34 |   117 |    63 ||   214
Dodge: Dodged            |    60 |    54 |   189 |   155 ||   458
